 Dungeon Crawl Stone Soup version 0.20-a0-1062-g7b787ac (webtiles) character file.

28 Alarkh the Skirmisher (level 3, 23/29 HPs)
             Began as a Demonspawn Fighter on Apr 27, 2017.
             Quit the game on level 2 of the Dungeon.
             The game lasted 00:01:15 (1008 turns).

Alarkh the Skirmisher (Demonspawn Fighter)          Turns: 1008, Time: 00:01:15

Health: 23/29      AC:  7    Str: 16    XL:     3   Next: 0%
Magic:  3/3        EV:  6    Int: 10    God:
Gold:   94         SH:  8    Dex: 12    Spells: 2/2 levels left

rFire    + . .     SeeInvis .   a - +0 long sword
rCold    . . .     Gourm    .   c - +0 shield
rNeg     . . .     Faith    .   b - +0 scale mail
rPois    .         Spirit   .   (helmet restricted)
rElec    .         Reflect  .   (no cloak)
rCorr    .         Harm     .   (no gloves)
MR       .....                  m - +0 pair of boots
Stlth    ..........             (no amulet)
Regen    0.1/turn               (no ring)
MPRegen  0.1/turn               (no ring)

@: drained
A: horns 1, fire resistance 1
a: no special abilities


You were on level 2 of the Dungeon.
You were not hungry.

You visited 1 branch of the dungeon, and saw 2 of its levels.

You collected 94 gold pieces.

Inventory:

Hand Weapons
 a - a +0 long sword (weapon)
Armour
 b - a +0 scale mail (worn)
 c - a +0 shield (worn)
 m - a +0 pair of boots (worn)
 n - a +0 helmet
Scrolls
 e - a scroll of identify
 h - a scroll of random uselessness {unknown}
 i - a scroll of noise {unknown}
 j - 2 scrolls of remove curse
 o - a scroll of fear {unknown}
 p - a scroll of enchant armour {unknown}
Potions
 d - a potion of might
 k - a potion of invisibility
 l - a potion of cancellation {unknown}
Comestibles
 f - a bread ration
 g - a chunk of flesh


   Skills:
 + Level 3.0(2.3) Fighting
 * Level 2.1(1.5) Long Blades
 + Level 3.0(2.3) Armour
 + Level 1.0(0.3) Dodging
 + Level 2.9(2.2) Shields


You had 2 spell levels left.
You didn't know any spells.

Dungeon Overview and Level Annotations

Branches:
Dungeon (2/15)

Altars:
Ashenzari


Innate Abilities, Weirdness & Mutations

You have a pair of small horns on your head.
Your flesh is heat resistant. (rF+)


Message History

The goblin is heavily wounded.
The rat bites you.
The goblin hits you with a dagger of draining.
You feel drained.
You closely miss the goblin.
The goblin is heavily wounded.
The rat closely misses you. The goblin barely misses you.
You slash the goblin!
You kill the goblin!
The rat bites you but does no damage. x2
You hit the rat.
You kill the rat!
You have reached level 3!
Your experience leads to an increase in your attributes!
Increase (S)trength, (I)ntelligence, or (D)exterity?
You feel clever.
Your demonic ancestry asserts itself...
A pair of horns grows on your head!
Your +0 helmet falls away!
A bat comes into view.
Are you sure you want to abandon this character and quit the game? (Confirm with "yes".)

#.................#
#..###..#
......#.#####.....#
#.......# #....##.#
#.....# #.##.#.##
###.....# #######
#.##.#.# ..####..#
########......#
.......## #
#.......###.###
......## #.#
#.#####.# #.#
......#
#..#.#####.###.#
......#
#...@.b.(.....#
.....#.#
#..#.)####..####
.....##.# #.##.##
##.# ####.# #.##..
..# #.# ##.# ..#.
#... #.# .# ...
##.. #.# .# ##. ###
..# .##


You could see a bat.

Vanquished Creatures
  An ooze (D:1)
  A dart slug (D:1)
  2 ball pythons (D:2)
  A bat (D:1)
  A giant cockroach (D:1)
  3 hobgoblins
  3 kobolds
  A frilled lizard (D:1)
  5 goblins
  4 rats
22 creatures vanquished.

Notes
Turn   | Place    | Note
-------+----------+-------------------------------------------
     0 | D:1      | Alarkh the Demonspawn Fighter began the quest for the Orb.
     0 | D:1      | Reached XP level 1. HP: 18/18 MP: 1/1
   199 | D:1      | Gained mutation: Your flesh is heat resistant. (rF+) [demonic ancestry]
   199 | D:1      | Reached XP level 2. HP: 18/24 MP: 2/2
   450 | D:1      | Reached skill level 1 in Dodging
   857 | D:2      | Found a shattered altar of Ashenzari.
   997 | D:2      | Gained mutation: You have a pair of small horns on your head. [demonic ancestry]
   997 | D:2      | Reached XP level 3. HP: 22/29 MP: 3/3
  1008 | D:2      | Quit the game

Vault maps used:
D:1:      lemuel_arrival_muddy, minmay_misc_feat_encased,
          hangedman_decor_diamond_cutter
D:2:      nicolae_ashenzari_panopticon, tso_altar, first_bread,
          grunt_ministairs_12, minmay_close_crescents

Skill      XL: |  1  2 |
---------------+-------+-----
Long Blades    | 2 |  2.1
Dodging        | 1 |  1.0
Armour         | 3 |  3.0
Fighting       | |  3.0
Shields        | |  2.9

Action                   || total
-------------------------++-------
Melee: Long sword        ||    55
  Use: Scroll            ||     2
Armor: Scale mail        ||    26
Dodge: Dodged            ||    20
Block: Shield            ||    23
       Rpst.: Long sword ||     7
